AoeStats
← RedPhosphoru

Arabia

509510291Analyzed
1v1 RM · 5d ago on Sep 27, 2026· 22m 31s· 2 players
Game mode
Random Map
Map size
Tiny (2 player)
Population
200
Speed
Normal
Resources
Standard
Victory
Conquest
Starting age
Dark Age
Ending age
Imperial Age
RankedLock teamsTeams togetherTeam positionsShared explorationLock speedFull tech treeHidden civsTurbo modeCheats
Victory
Defeat
🇦🇷 Saxons · Argentina
2863
+3
🇺🇸 Saxons · United States
2445
-3
RedPhosphoru
10:05 Loom
12:40 Feudal Age
17:17 Castle Age
15:47 Double-Bit Axe
18:47 Bow Saw
wR.Lucho
6:16 Loom
11:47 Feudal Age
16:10 Castle Age
14:23 Double-Bit Axe
15:49 Horse Collar
17:07 Bow Saw
19:21 Gold Mining
20:47 Gold Shaft Mining
20:59 Atonement
Connection lost

Rejoining the realm…

Still unreachable

The connection could not be restored.

Session expired

The server has moved on; the page needs a fresh start.